 Dungeon Crawl Stone Soup version 0.31-a0-1002-g8e65716e6e (webtiles) character file.

Game seed: 11339352953687959628

215886 tish the Metamorph (level 17, -1/364 HPs)
             Began as a Troll Berserker on Nov 9, 2023.
             Was a High Priest of Trog.
             Slain by a +1 vampiric battleaxe (14 damage)
             ... on level 2 of the Elven Halls.
             The game lasted 01:23:57 (36605 turns).

tish the Metamorph (Troll Berserker)               Turns: 36605, Time: 01:23:58

Health: -1/364     AC: 30    Str: 31    XL:     17   Next: 89%
Magic:  16/16      EV: 12    Int:  5    God:    Trog [*****.]
Gold:   1040       SH: 16    Dex: 11    Spells: 16/16 levels left

rFire   + +          .
                       - Unarmed
rCold   + . .        K - +2 kite shield {rC+ rF+}
rNeg    + . .        y - melded +0 robe of the Wasteland {+Blink MP-9 Int-3 SInv}
rPois   ∞            (helmet restricted)
rElec   +            i - scarf {+Inv}
rCorr   .            (gloves unavailable)
SInv    +            (boots unavailable)
Will    ++++.        U - amulet of reflection Stlth
                     b - ring of Naut {rF+ SInv}
HPRegen 2.60/turn    R - ring of willpower
MPRegen 0.15/turn

%: reflection
@: berserking, statue-form, strong-willed, regenerating, studying 2 skills
A: slow and powerful, torment resistance 1, boosted hp, large, unfitting armour,
claws 3, regeneration 1, (shaggy fur 1), (tough skin 1)
}: 2/15 runes: serpentine, abyssal
a: Begin Untransformation, Renounce Religion, Evoke Invisibility, Berserk,
Trog's Hand, Brothers in Arms


You were on level 2 of the Elven Halls.
You worshipped Trog.
Trog was extremely pleased with you.
You were a living statue of rough stone.
You visited 6 branches of the dungeon, and saw 27 of its levels.
You visited the Abyss 2 times.

You collected 4294 gold pieces.
You spent 3254 gold pieces at shops.

Inventory:

Hand Weapons
 B - the +1 triple sword of Tomorrow {freeze, *Slow rF+++ rCorr}
   (You acquired it on level 3 of the Snake Pit)

   rF+++:     It renders you almost immune to fire.
   rCorr:     It protects you from acid and corrosion.
   *Slow:     It may slow you when you take damage.
Missiles
 J - 2 throwing nets
Armour
 a - +0 steam dragon scales
 i - a scarf of invisibility (worn)
 y - the +0 robe of the Wasteland (melded) {+Blink MP-9 Int-3 SInv}
   (You bought it in a shop on level 5 of the Dungeon)

   Int-3:     It affects your intelligence (-3).
   MP-9:      It affects your magic capacity (-9).
   SInv:      It lets you see invisible.
   +Blink:    It lets you blink.
 I - a +0 tower shield
 K - a +2 kite shield of resistance (worn)
 V - a +1 hat
Jewellery
 b - the ring of Naut (left claw) {rF+ SInv}
   (You bought it in a shop on level 2 of the Orcish Mines)

   [ring of see invisible]

   rF+:       It protects you from fire.
   SInv:      It lets you see invisible.
 g - the ring "Eckunuic" {rF+ rN+ Int+5}
   (You took it off a necromancer on level 5 of the Lair of Beasts)

   [ring of protection from fire]

   Int+5:     It affects your intelligence (+5).
   rF+:       It protects you from fire.
   rN+:       It protects you from negative energy.
 l - a ring of poison resistance
 n - a ring of protection from cold
 p - a +4 ring of protection
 q - a ring of resist corrosion
 F - a +6 ring of strength
 H - a +6 ring of dexterity
 Q - a +4 ring of protection
 R - a ring of willpower (right claw)
 T - a ring of magical power
 U - an amulet of reflection (around neck)
Talismans
 c - the serpent talisman "Toihuph" {rPois rN+ Will+ Stlth-}
   (You took it off Aizul on level 2 of the Elven Halls)

   [serpent talisman]

   rPois:     It protects you from poison rN+: It protects you from negative
   energy.
   Will+:     It increases your willpower.
   Stlth-:    It makes you less stealthy.
 v - a serpent talisman
 S - a granite talisman (active)
Wands
 h - a wand of iceblast (12)
 s - a wand of flame (16)
 G - a wand of charming (28)
 O - a wand of mindburst (4)
 P - a wand of digging (5)
Scrolls
 j - 5 scrolls of poison
 m - 3 scrolls of silence
 r - 5 scrolls of enchant weapon
 t - a scroll of blinking
 x - 6 scrolls of amnesia
 C - 3 scrolls of enchant armour
 D - a scroll of brand weapon
 L - 2 scrolls of fog
 M - a scroll of fear
 N - a scroll of butterflies
Potions
 d - 3 potions of cancellation
 e - 3 potions of curing
 f - 2 potions of berserk rage
 k - a potion of haste
 u - a potion of invisibility
 A - 3 potions of attraction
 E - a potion of enlightenment
 W - a potion of magic
 X - a potion of lignification {unknown}
 Y - 3 potions of mutation {unknown}
 Z - a potion of ambrosia {unknown}


   Skills:
 - Level 16.0 Fighting
 - Level 11.0 Dodging
 - Level 5.0 Shields
 - Level 15.0 Unarmed Combat
 + Level 18.6 Shapeshifting


You had 16 spell levels left.
You didn't know any spells.
Your spell library was empty.

Dungeon Overview and Level Annotations

Branches:
Dungeon (13/15)            Temple (1/1) D:4            Lair (5/5) D:9
 Shoals (0/4) Lair:2        Snake (4/4) Lair:3        Slime (0/5) Lair:4
    Orc (2/2) D:10            Elf (2/3) Orc:2
 Vaults: D:13-14

Altars:
Ashenzari
Cheibriados
Dithmenos
Elyvilon
Fedhas
Gozag
Hepliaklqana
Kikubaaqudgha
Makhleb
Nemelex Xobeh
Okawaru
Qazlal
Ru
Sif Muna
Trog
Uskayaw
Vehumet
Wu Jian
Xom
Yredelemnul
Zin
The Shining One
Jiyva

Shops:
D:1 ?   D:5 =(:[   D:9 :   D:10 ::   Orc:2 (=(*[:*   Snake:3 ?   Snake:4 :

Annotations:
Lair:5 exclusion: obsidian statue
Elf:2 3 runed translucent doors


Innate Abilities, Weirdness & Mutations

You are a living statue of rough stone.
Your actions are slow, but your melee attacks are powerful.
You are resistant to unholy torment.
Your maximum health is greatly increased.
Your equipment is partially melded.
You are too large for most types of armour.
You are immune to poison.
You have claws for hands.
Your natural rate of healing is unusually fast.
((You are covered in fur. (AC +1)))
((You have tough skin. (AC +1)))


Message History

You feel the power of Trog in you as your rage grows.
The +7 battleaxe of flaming falls from the air.
Trog accepts your kill. The +3 heavy scimitar hits you.
* * * LOW HITPOINT WARNING * * *
You block the +1 vampiric battleaxe's attack.
The +4 hand axe of electrocution hits you but does no damage.
You closely miss the deep elf knight. The +3 heavy scimitar hits you!
* * * LOW HITPOINT WARNING * * *
The deep elf knight unwields a +0 longbow.
The deep elf knight wields a +0 scimitar.
You block the deep elf knight's attack.
You block the +4 hand axe of electrocution's attack.
You block the +1 vampiric battleaxe's attack.
You closely miss the deep elf knight.
The +4 hand axe of electrocution hits you!
* * * LOW HITPOINT WARNING * * *
You block the deep elf knight's attack.
The +3 heavy scimitar hits you but does no damage.
You block the +1 vampiric battleaxe's attack.
The +4 hand axe of electrocution hits you but does no damage.
You barely miss the deep elf knight.
The deep elf knight hits you with a +0 scimitar!
* * * LOW HITPOINT WARNING * * *
The +3 heavy scimitar hits you but does no damage.
The +1 vampiric battleaxe hits you.
* * * LOW HITPOINT WARNING * * *
The +4 hand axe of electrocution barely misses you.
You barely miss the +4 hand axe of electrocution.
The deep elf knight barely misses you.
You block the +1 vampiric battleaxe's attack.
The +4 hand axe of electrocution hits you but does no damage.
The +3 heavy scimitar hits you!
* * * LOW HITPOINT WARNING * * *
You mangle the +4 hand axe of electrocution!!
The +4 hand axe of electrocution falls from the air.
Trog accepts your kill.
The deep elf knight hits you but does no damage.
You block the deep elf knight's attack. The +1 vampiric battleaxe hits you!
You die...

# ## ##...##
.###
###.....##
....
.........##
....
..........#
b...
..........#
....
..........#
.... #...(..#
.... #..(8#
.... #..(e#
.... ##.)..##
.b..
###......##
....
##.........#
^...
#..........#
...#
##..........#
.###
#..........##
##
..........##


You could see a deep elf knight (fast, invisible) and 3 dancing weapons.

Vanquished Creatures
  A juggernaut (Abyss:3)
  A profane servitor (Abyss:3)
  Jorgrun (Orc:1)
  Rupert (D:12)
  A tentacled starspawn (Abyss:3)
  Kirke (Lair:3)
  A storm dragon (Elf:1)
  Roxanne (Elf:1)
  7 nagarajas
  Aizul (Elf:2)
  An iron dragon (Elf:1)
  A deep elf sorcerer (Elf:1)
  An orc warlord (Orc:2)
  A deep elf demonologist (Elf:1)
  3 dire elephants (Lair:5)
  Snorg (Lair:4)
  2 deep elf high priests (Elf:1)
  2 ice dragons (Elf:1)
  5 hydras
  2 salamander tyrants
  A spriggan skeleton (Abyss:3)
  6 anacondas
  4 boulder beetles
  A centaur warrior (D:13)
  A catoblepas (Lair:1)
  5 death yaks
  2 two-headed ogres
  19 dancing weapons
  19 naga warriors
  8 thrashing horrors (Abyss:3)
  4 orc high priests (Orc:2)
  13 naga sharpshooters
  10 shock serpents
  11 deep elf knights
  The ghost of stendehmen the Changeling, a novice OpSh of Qazlal (D:8)
  2 skysharks (Lair:5)
  Urug (D:12)
  8 salamander mystics
  2 wretched stars (Abyss:3)
  A spectral death yak (Lair:5)
  A sixfirhy (Abyss:3)
  A cherub (Abyss:3)
  A spectral anaconda (Lair:5)
  A fire crab (Lair:4)
  2 sea snakes (Snake:3)
  A lindwurm (Lair:4)
  3 necromancers (Lair:5)
  5 deep elf archers
  4 naga ritualists
  5 orc knights
  16 deep elf pyromancers
  10 deep elf zephyrmancers
  9 mana vipers
  4 orc sorcerers
  A manticore (D:12)
  14 salamanders
  A cyclops (D:12)
  8 elephants
  30 black mambas
  4 guardian serpents (Snake:3)
  23 naga magi
  A gargoyle (D:12)
  A smoke demon (Abyss:3)
  10 cane toads
  A torpor snail (Lair:3)
  3 orange demons (Abyss:3)
  An efreet (Abyss:3)
  6 komodo dragons
  A kobold demonologist (D:8)
  2 unseen horrors
  2 rime drakes
  2 ancient zymes (Abyss:3)
  3 trolls
  3 polar bears (Lair:5)
  A tyrant leech (shapeshifter) (Elf:1)
  A snapping turtle (Lair:2)
  2 hornets
  3 blink frogs (Lair:1)
  2 raiju (Abyss:3)
  2 spectral elephants (Lair:5)
  11 dream sheep
  2 air elementals
  A water elemental (Lair:2)
  3 vampires (D:12)
  48 yaks
  2 wraiths (D:11)
  A dire elephant simulacrum (Lair:5)
  A fire bat (Abyss:3)
  3 wyverns
  3 large abominations (Abyss:3)
  3 basilisks
  4 hogs (Lair:3)
  22 starcursed masses (Abyss:3)
  3 steam dragons
  A fire elemental (Elf:1)
  A chaos spawn (Abyss:3)
  3 neqoxecs (Abyss:3)
  34 nagas
  2 death yak simulacra (Lair:5)
  2 wargs (Orc:1)
  Edmund (D:5)
  An acid dragon (D:8)
  9 water moccasins
  32 orc warriors
  3 ice beasts
  3 elephant zombies (Lair:5)
  21 wolves
  2 ogres (Orc:1)
  6 centaurs
  4 kobold brigands
  9 bullfrogs
  2 scorpions (D:5)
  5 small abominations (Abyss:3)
  3 gnoll sergeants
  14 wights
  An elephant simulacrum (Lair:5)
  A killer bee (D:8)
  4 howler monkeys
  8 electric eels
  4 hounds
  An iron imp (Abyss:3)
  23 orc priests
  A gnoll bouda (D:9)
  8 jellies
  4 iguanas
  2 sleepcaps
  30 orc wizards
  11 hell rats
  20 gnolls
  6 adders
  2 shadow imps
  4 white imps
  2 ufetubi (D:5)
  2 worms
  The ghost of Opifex the Sneak, a weakling GrDe (D:5)
  4 dart slugs
  78 orcs
  5 bats
  3 endoplasms (D:4)
  13 goblins
  5 hobgoblins
  4 jackals (D:1)
  14 kobolds
  2 quokkas
  4 ball pythons
  2 frilled lizards (D:2)
  5 rats
884 creatures vanquished.

Vanquished Creatures (collateral kills)
  4 thrashing horrors (Abyss:3)
  A deep elf zephyrmancer (Elf:2)
  2 raiju (Abyss:3)
  A chaos spawn (Abyss:3)
  6 starcursed masses (Abyss:3)
14 creatures vanquished.

Vanquished Creatures (others)
  2 deep elf knights (Elf:2)
  A deep elf zephyrmancer (Elf:1)
  2 elephants (Lair:5)
  A small abomination (Abyss:3)
  4 orcs (Elf:1)
  4 starspawn tentacles (Abyss:3)
14 creatures vanquished.

Grand Total: 912 creatures vanquished

Notes
Turn   | Place    | Note
-------+----------+-------------------------------------------
     0 | D:1      | tish the Troll Berserker began the quest for the Orb.
     0 | D:1      | Reached XP level 1. HP: 22/22 MP: 0/0
    38 | D:1      | Found Kinaulil's Magic Scroll Boutique.
    89 | D:1      | Reached XP level 2. HP: 29/29 MP: 1/1
   544 | D:2      | Reached XP level 3. HP: 36/36 MP: 2/2
   592 | D:2      | Reached ** piety under Trog
  1240 | D:3      | Found a faded altar of an unknown god.
  1286 | D:3      | Reached XP level 4. HP: 44/44 MP: 3/3
  2263 | D:4      | Reached XP level 5. HP: 53/53 MP: 4/4
  2399 | D:4      | Reached skill level 5 in Unarmed Combat
  2468 | D:4      | Found a staircase to the Ecumenical Temple.
  2820 | D:5      | Entered Level 5 of the Dungeon
  2881 | D:5      | Found a large runed translucent door.
  2882 | D:5      | Found a large runed translucent door.
  2883 | D:5      | Noticed a hornet
  2892 | D:5      | Reached XP level 6. HP: 53/62 MP: 5/5
  2895 | D:5      | Paralysed by a hornet for 1 turns
  2898 | D:5      | Killed a hornet
  2904 | D:5      | Reached XP level 7. HP: 40/71 MP: 6/6
  2946 | D:5      | Noticed Opifex's ghost (weakling GrDe)
  2973 | D:5      | Noticed Edmund
  2993 | D:5      | Killed Edmund
  2994 | D:5      | Reached skill level 5 in Fighting
  3372 | D:5      | Found Boixaris's Book Boutique.
  3648 | D:5      | Found Isin's Jewellery Shoppe.
  3758 | D:5      | Found Zoemp's Armour Shop.
  3764 | D:5      | Bought the +0 robe of the Wasteland {+Blink MP-9 Int-3
                  | SInv} for 9 gold pieces
  3840 | D:5      | Found Yhusuree's Antique Weapon Shop.
  3968 | D:6      | Reached *** piety under Trog
  3997 | D:6      | Reached skill level 1 in Shapeshifting
  4226 | D:6      | Reached skill level 2 in Shapeshifting
  4226 | D:6      | Reached XP level 8. HP: 72/84 MP: 7/7
  4300 | D:6      | Reached skill level 3 in Shapeshifting
  4425 | D:6      | Found an iron altar of Okawaru.
  4448 | D:6      | Found a sacrificial altar of Ru.
  4448 | D:6      | Found a hide-covered altar of Uskayaw.
  4476 | D:6      | Found an ornate altar of the Wu Jian Council.
  4550 | D:6      | Reached skill level 4 in Shapeshifting
  5802 | D:7      | Reached skill level 5 in Shapeshifting
  5802 | D:7      | Reached XP level 9. HP: 42/93 MP: 8/8
  6582 | D:1      | Bought a scroll of identify for 22 gold pieces
  6582 | D:1      | Bought a scroll of revelation for 82 gold pieces
  6582 | D:1      | Bought 3 scrolls of identify for 66 gold pieces
  6582 | D:1      | Bought a scroll of identify for 22 gold pieces
  6582 | D:1      | Bought a scroll of fear for 44 gold pieces
  6682 | Temple   | Entered the Ecumenical Temple
  6835 | D:8      | Reached skill level 6 in Shapeshifting
  7144 | D:8      | Found a radiant altar of Vehumet.
  7344 | D:8      | Reached skill level 7 in Shapeshifting
  7643 | D:8      | Noticed a kobold demonologist
  7657 | D:8      | Killed a kobold demonologist
  7668 | D:8      | Reached skill level 8 in Shapeshifting
  7841 | D:8      | Found a large runed translucent door.
  7841 | D:8      | Found a large runed translucent door.
  7842 | D:8      | Noticed stendehmen's ghost (novice OpSh)
  7959 | D:8      | Paralysed by a hornet for 2 turns
  7963 | D:8      | Paralysed by a hornet for 2 turns
  8364 | D:8      | Reached skill level 9 in Shapeshifting
  8364 | D:8      | Reached XP level 10. HP: 65/104 MP: 9/9
  8940 | D:8      | Reached **** piety under Trog
  9268 | D:9      | Found an opulent altar of Gozag.
  9416 | D:9      | Found Jokeobic's Book Shop.
  9698 | D:9      | Found a staircase to the Lair.
  9729 | D:9      | Reached skill level 10 in Shapeshifting
 10305 | D:9      | Found a stormy altar of Qazlal.
 10532 | D:9      | Found a glowing silver altar of Zin.
 10757 | D:10     | Entered Level 10 of the Dungeon
 10795 | D:10     | Noticed a deep elf pyromancer
 10795 | D:10     | Found Viczau's Book Shop.
 10814 | Lair:1   | Entered Level 1 of the Lair of Beasts
 10989 | Lair:1   | Reached skill level 5 in Dodging
 11095 | Lair:1   | Noticed a cane toad
 11097 | Lair:1   | Noticed a death yak
 11097 | Lair:1   | Noticed a death yak
 11117 | Lair:1   | Killed a cane toad
 11118 | Lair:1   | Reached XP level 11. HP: 111/111 MP: 10/10
 11124 | Lair:1   | Reached ***** piety under Trog
 11130 | Lair:1   | Noticed a death yak
 11534 | Lair:1   | Noticed a boulder beetle
 11552 | Lair:1   | Killed a boulder beetle
 11584 | Lair:1   | Noticed a catoblepas
 11774 | D:5      | Bought a ring of poison resistance for 220 gold pieces
 11928 | Lair:1   | Killed a catoblepas
 11929 | Lair:1   | Noticed a death yak
 11939 | Lair:1   | Killed a death yak
 11944 | Lair:1   | Killed a death yak
 11949 | Lair:1   | Killed a death yak
 11955 | Lair:1   | Killed a death yak
 12201 | Lair:1   | Reached skill level 10 in Fighting
 12765 | Lair:2   | Reached XP level 12. HP: 97/126 MP: 11/11
 12813 | Lair:2   | Found a staircase to the Shoals.
 13245 | Lair:3   | Found a staircase to the Snake Pit.
 13805 | Lair:3   | Identified the +8 rapier "Tedgholo" {venom, rPois rCorr
                  | Stlth+}
 13938 | Lair:3   | Reached skill level 10 in Dodging
 14022 | Lair:3   | Noticed Kirke
 14042 | Lair:3   | Killed Kirke
 14531 | Snake:1  | Entered Level 1 of the Snake Pit
 14639 | Lair:4   | Found a staircase to the Slime Pits.
 14801 | Lair:4   | Found a viscous altar of Jiyva.
 14989 | Lair:4   | Noticed Snorg
 15015 | Lair:4   | Killed Snorg
 15471 | Lair:4   | Reached XP level 13. HP: 119/136 MP: 12/12
 15607 | Lair:4   | Reached skill level 11 in Shapeshifting
 16107 | Lair:5   | Entered Level 5 of the Lair of Beasts
 16869 | Lair:5   | Noticed a dire elephant
 16869 | Lair:5   | Noticed a dire elephant
 17195 | Lair:5   | Reached skill level 10 in Unarmed Combat
 17579 | Lair:5   | Received a gift from Trog
 17683 | Lair:5   | Identified the +1 scale mail "Asiab" {Int+3}
 18004 | Lair:5   | Reached skill level 12 in Shapeshifting
 18304 | Lair:5   | Identified the ring "Eckunuic" {rF+ rN+ Int+5}
 19197 | Lair:5   | Noticed a dire elephant
 19212 | Lair:5   | Killed a dire elephant
 19797 | Lair:5   | Killed a dire elephant
 19798 | Lair:5   | Reached skill level 13 in Shapeshifting
 20195 | Lair:5   | Killed a dire elephant
 20233 | Lair:5   | Reached XP level 14. HP: 61/146 MP: 13/13
 20766 | D:5      | Killed Opifex's ghost
 20895 | D:8      | Killed stendehmen's ghost
 21727 | D:10     | Found Depany's Book Shoppe.
 21791 | D:10     | Found a staircase to the Orcish Mines.
 21903 | D:10     | Found a basalt altar of Yredelemnul.
 22476 | D:11     | Reached skill level 14 in Shapeshifting
 22653 | D:11     | You fall into a shaft and drop 2 floors!
 22880 | D:12     | Noticed Urug
 22886 | D:12     | Killed Urug
 23148 | D:12     | Noticed Rupert
 23158 | D:12     | Killed Rupert
 23241 | D:12     | Received a gift from Trog
 24141 | D:12     | Identified the -2 cloak of the Lute {rN+ Str+3 Int+5
                  | Stlth-}
 24480 | Orc:1    | Entered Level 1 of the Orcish Mines
 24480 | Orc:1    | Noticed Jorgrun
 24952 | Orc:1    | Killed Jorgrun
 24953 | Orc:1    | Reached skill level 15 in Shapeshifting
 25611 | Orc:2    | Entered Level 2 of the Orcish Mines
 25612 | Orc:2    | Found a staircase to the Elven Halls.
 26163 | Orc:2    | Found Ceup's Antique Weapon Shoppe.
 26302 | Orc:2    | Found Gicizyeb's Assorted Antiques.
 26813 | Orc:2    | Noticed an orc warlord
 26827 | Orc:2    | Killed an orc warlord
 26828 | Orc:2    | Reached skill level 16 in Shapeshifting
 26831 | Orc:2    | Received a gift from Trog
 27353 | Orc:2    | Found Poenlub's Book Shop.
 27415 | Orc:2    | Found Dejiy's General Store.
 27421 | Orc:2    | Found Haogeick's Antique Armour Shop.
 27421 | Orc:2    | Found Qahoud's Antique Weapon Shop.
 27423 | Orc:2    | Found Ipirut's Jewellery Boutique.
 27427 | Orc:2    | Bought a potion of haste for 140 gold pieces
 27429 | Orc:2    | Bought the ring of Naut {rF+ SInv} for 377 gold pieces
 28093 | Snake:1  | Reached XP level 15. HP: 157/157 MP: 14/14
 28689 | Snake:1  | Received a gift from Trog
 28940 | Snake:2  | Noticed a nagaraja
 28943 | Snake:2  | Killed a nagaraja
 29674 | Snake:2  | Reached ****** piety under Trog
 30519 | Snake:3  | Identified 2 scrolls of acquirement
 30519 | Snake:3  | Acquired a manual of Unarmed Combat
 30521 | Snake:3  | Acquired the +1 triple sword of Tomorrow {freeze, *Slow
                  | rF+++ rCorr}
 30570 | Snake:3  | Received a gift from Trog
 31252 | Snake:3  | Reached skill level 1 in Shields
 31361 | Snake:3  | Reached XP level 16. HP: 172/172 MP: 15/15
 31464 | Snake:3  | Found Horom's Magic Scroll Boutique.
 31467 | Snake:3  | Bought a scroll of acquirement for 832 gold pieces
 31468 | Snake:3  | Acquired a manual of Unarmed Combat
 32299 | Snake:4  | Entered Level 4 of the Snake Pit
 32408 | Snake:4  | Found Sotos's Vocational Training.
 32730 | Snake:4  | Received a gift from Trog
 32984 | Snake:4  | Reached skill level 5 in Shields
 33531 | Snake:4  | Reached skill level 17 in Shapeshifting
 33533 | Snake:4  | Acquired 1229 gold pieces
 33569 | Snake:4  | Got a serpentine rune of Zot
 33628 | Snake:4  | Reached skill level 15 in Fighting
 33956 | Vaults:5 | Identified the "Xurphirha"
 33956 | Vaults:5 | Identified the "Sulia"
 33956 | Elf:1    | Entered Level 1 of the Elven Halls
 33962 | Elf:1    | Received a gift from Trog
 34115 | Elf:1    | Paralysed by an air elemental for 1 turns
 34118 | Elf:1    | Paralysed by an air elemental for 1 turns
 34228 | Elf:1    | Noticed Roxanne
 34615 | Elf:1    | Reached XP level 17. HP: 184/184 MP: 16/16
 34629 | Elf:1    | Identified the +5 scimitar of Nigiwer {heavy, rPois rCorr
                  | MP-9 Dex-3} (Trog gifted it to you on level 1 of the Elven
                  | Halls)
 34629 | Elf:1    | Received a gift from Trog
 34878 | Elf:1    | Found a runed translucent gate.
 34878 | Elf:1    | Found a runed translucent gate.
 34878 | Elf:1    | Found a runed translucent gate.
 34878 | Elf:1    | Found a runed translucent gate.
 34878 | Elf:1    | Found a runed translucent gate.
 34879 | Elf:1    | Found a runed translucent gate.
 35050 | Elf:1    | Killed Roxanne
 35293 | Snake:4  | Bought a manual of Evocations for 1440 gold pieces
 35556 | Elf:2    | Paralysed by an air elemental for 1 turns
 35785 | Abyss:3  | Cast into level 3 of the Abyss (a deep elf sorcerer)
 35786 | Abyss:3  | Found a corrupted altar of Lugonu.
 35850 | Abyss:3  | Paralysed by accursed screaming for 1 turns
 35914 | Abyss:3  | Found a corrupted altar of Lugonu.
 36058 | Abyss:3  | Received a gift from Trog
 36061 | Abyss:3  | Noticed a profane servitor
 36082 | Abyss:3  | Killed a profane servitor
 36082 | Abyss:3  | Paralysed by accursed screaming for 2 turns
 36091 | Abyss:3  | Paralysed by accursed screaming for 1 turns
 36097 | Abyss:3  | Paralysed by accursed screaming for 2 turns
 36100 | Elf:2    | Escaped the Abyss
 36216 | Elf:2    | Reached skill level 18 in Shapeshifting
 36260 | Elf:2    | Found a runed translucent gate.
 36260 | Elf:2    | Found a runed translucent gate.
 36261 | Elf:2    | Found a runed translucent gate.
 36279 | Elf:2    | Identified the serpent talisman "Toihuph" {rPois rN+ Will+
                  | Stlth-}
 36279 | Elf:2    | Noticed Aizul
 36283 | Abyss:3  | Cast into level 3 of the Abyss (+1 quick blade of
                  | distortion)
 36327 | Abyss:3  | Found a corrupted altar of Lugonu.
 36448 | Abyss:3  | Reached skill level 15 in Unarmed Combat
 36505 | Abyss:3  | Found a glowing golden altar of the Shining One.
 36526 | Abyss:3  | Noticed a juggernaut
 36532 | Abyss:3  | Got an abyssal rune of Zot
 36538 | Abyss:3  | Killed a juggernaut
 36541 | Elf:2    | Escaped the Abyss
 36542 | Elf:2    | HP: 13/364 [+1 war axe of venom (10)]
 36542 | Elf:2    | HP: 4/364 [+4 mace of protection (9)]
 36563 | Elf:2    | Killed Aizul
 36604 | Elf:2    | HP: 11/364 [+3 heavy scimitar (12)]
 36605 | Elf:2    | Slain by a +1 vampiric battleaxe

Illustrated notes

Levels and vault maps discovered:
D:1:      erik_arrival_blinker_ship, layout_rooms, serial_shops, shop_fountains,
          minmay_misc_feat_roman, hex_tiny
D:2:      layout_loops_ring
D:3:      layout_basic, serial_corexii_hall, chequers_hall_statues_corner_a,
          corexii_hall_statues_u, chequers_hall_statues_wall_a,
          hellmonk_ecumenical_altar_heavens_door
D:4:      layout_basic, minmay_temple_entry_slanted, kennysheep_doodads,
          st_stairs_4, hangedman_decor_slide_cut
D:5:      layout_loops_cross, serial_shops, kennysheep_little_box, shop, shop,
          shop_statue, ebering_ghost_disaster_area, uniq_edmund
D:6:      layout_rooms, nicolae_wu_jian_immortal_techniques,
          grunt_temple_overflow_open, minmay_misc_feat_hallway, hex_large
D:7:      layout_gridville, nicolae_ossuary_entry_ruins
D:8:      minmay_s_stair_smasher, layout_cave_pods, vehumet_crystals,
          ebering_ghost_disaster_area
D:9:      layout_loops_cross, grunt_gozag_statues,
          nicolae_qazlal_general_emergency, mainiacjoe_overflow_catwalk,
          erik_lair_island, serial_shops, nicolae_stop_n_shop_2
D:10:     layout_basic, lemuel_round_altar, orc_0_dummy, enter_bailey_5,
          serial_shops, nicolae_book_shop_shelving, nicolae_stop_n_shop_1
D:11:     layout_loops_ring, marbit_kobold_abyssish
D:12:     layout_cave_pods, uniq_rupert, uniq_urug
D:13:     layout_roguey, grunt_vaults_entry_tiered, nzn_random_ring
Temple:   oiseaux_autumnal_temple
Lair:1:   layout_chaotic_city, st_stairs_6, nzn_sisyphean_effort,
          grunt_megastairs_2
Lair:2:   layout_chaotic_city, minmay_shoals_entry_hut,
          chequers_serial_rivers_small_b, infiniplex_staircase_pool_2
Lair:3:   layout_cave_pods, dummy_snake_entry, uniq_kirke
Lair:4:   layout_roguey, nicolae_slime_entry_field_trip, uniq_snorg
Lair:5:   due_jungle_book, layout_cave_pods, grunt_forest_large_clearing_hut
Snake:1:  layout_misc_corridors, serial_library_hellmonk_octagon,
          grunt_megastairs_4
Snake:2:  layout_cave_town
Snake:3:  nicolae_snake_unarmed_stairs_patrol, layout_cave_town, serial_shops,
          nicolae_shop_rolled_up, nicolae_snake_bzzzt
Snake:4:  snake_pit, layout_rooms, nicolae_shop_vocational
Orc:1:    layout_diamond_mine, serial_shops, nicolae_lakefront_shop,
          nicolae_orc_bridge_out, guppyfry_library_mini, uniq_jorgrun,
          uniq_maurice, uniq_gastronok
Orc:2:    st_orc_congregation, layout_caves, basic_altar, serial_shops,
          nicolae_shop_window_shopping, nicolae_shop_behind_doors,
          nicolae_shop_tiny_statue_garden
Elf:1:    eino_elf_arrival_sip, layout_rooms, orc_legates, uniq_roxanne
Elf:2:    nicolae_elf_blades_crystal_corner, layout_loops_ring, uniq_aizul

Skill      XL: |  1  2  3  4  5  6  7  8  9 10 11 12 13 14 15 16 17 |
---------------+----------------------------------------------------+-----
Unarmed Combat | 4 5 6 8 9 10 12 15 | 15.0
Dodging        | 3 4 5 8 10 11 | 11.0
Fighting       | 3 4 6 7 8 10 12 14 15 16 | 16.0
Shapeshifting  | 2 5 9 10 13 16 17 18 | 18.6
Shields        | 1 5 |  5.0

Action                     |  1- 3 |  4- 6 |  7- 9 | 10-12 | 13-15 | 16-18 || total
---------------------------+-------+-------+-------+-------+-------+-------++-------
  Melee: Unarmed           |    73 |   102 |   312 |   490 |  1000 |   612 ||  2589
         Punch             |       |     1 |    12 |     3 |    13 |       ||    29
         Constrict         |       |       |       |   105 |   114 |       ||   219
  Throw: Dart              |       |       |     1 |       |       |       ||     1
 Invoke: Trog's Hand       |       |     1 |     6 |     4 |    14 |     9 ||    34
         Berserk           |       |     1 |     5 |     2 |    10 |     4 ||    22
         Brothers in Arms  |       |       |       |       |       |     4 ||     4
  Evoke: Wand              |       |       |       |     1 |    13 |       ||    14
    Use: Potion            |     1 |       |     2 |     1 |     5 |     8 ||    17
         Scroll            |       |       |     9 |     6 |    12 |    11 ||    38
   Stab: Distracted        |     1 |       |       |       |       |       ||     1
         Sleeping          |       |       |     1 |       |       |       ||     1
 Armour: Animal skin       |    39 |    88 |   302 |    84 |       |       ||   513
         Skin              |       |       |       |   342 |  1256 |   956 ||  2554
  Dodge: Dodged            |    26 |    58 |   163 |   265 |   647 |   422 ||  1581
  Block: Other             |       |       |       |       |    70 |       ||    70
         Tower shield      |       |       |       |       |   107 |    43 ||   150
         Reflection        |       |       |       |       |     9 |    99 ||   108
         Kite shield       |       |       |       |       |       |   812 ||   812
   Form: Anaconda          |       |       |       |     1 |     1 |       ||     2
                           |       |       |       |       |     1 |       ||     1
         Statue            |       |       |       |       |     1 |       ||     1

Table legend: (Time is in decaauts)
 A = Elapsed time spent in this place.
 B = Non-inter-level travel time spent in this place.
 C = Inter-level travel time spent in this place.
 D = Time resting spent in this place.
 E = Time spent auto-exploring this place.
 F = Levels seen in this place.
 G = Mean time per level.
                   A        B        C        D        E       F      G
               +--------+--------+--------+--------+--------+-----+--------+
         Total |  41177 |  38038 |   3139 |  14510 |  15946 |  29 | 1419.9 |
       Dungeon |  15739 |  14351 |   1388 |   5688 |   6413 |  13 | 1210.7 |
        Temple |      1 |      1 |      0 |      0 |      0 |   1 |    1.0 |
          Lair |  10102 |   9339 |    763 |   4073 |   3664 |   5 | 2020.4 |
     Snake Pit |   9217 |   8596 |    621 |   3171 |   3742 |   4 | 2304.2 |
  Orcish Mines |   2906 |   2633 |    273 |    933 |   1049 |   2 | 1453.0 |
   Elven Halls |   2419 |   2328 |     91 |    562 |    888 |   2 | 1209.5 |
         Abyss |    790 |    790 |      0 |     80 |    189 |   2 |  395.0 |
               +--------+--------+--------+--------+--------+-----+--------+

Top non-repeatable levels by time:
  Lair:5: 3853 daAuts
 Snake:2: 3277 daAuts
 Snake:3: 2696 daAuts
     D:8: 2519 daAuts
  Lair:4: 2164 daAuts
    D:10: 1937 daAuts
   Elf:1: 1925 daAuts
     D:6: 1861 daAuts
   Orc:2: 1798 daAuts
     D:9: 1683 daAuts
 Snake:1: 1631 daAuts
 Snake:4: 1611 daAuts
  Lair:1: 1478 daAuts
  Lair:3: 1451 daAuts
     D:5: 1265 daAuts
